AoeStats
← tom8to

Coastal Forest

510445080Analyzed
3v3 RM · 2d ago on Oct 1, 2026· 25m 37s· 6 players
Game mode
Random Map
Map size
Normal (6 player)
Population
200
Speed
Normal
Resources
Standard
Victory
Conquest
Starting age
Dark Age
Ending age
Imperial Age
RankedLock teamsTeams togetherTeam positionsShared explorationLock speedFull tech treeHidden civsTurbo modeCheats
Victory
Defeat
🇺🇸 Ethiopians · United States
975
+13
🇺🇸 Franks · United States
966
+14
🇺🇸 Vietnamese · United States
961
+14
🇺🇸 Huns · United States
938
-15
🇨🇳 Byzantines · China
904
-13
🇺🇸 Persians · United States
896
-13
Neumanoooo
0:30 Loom
10:17 Feudal Age
11:38 Wheelbarrow
10:45 Horse Collar
10:52 Double-Bit Axe
19:36 Castle Age
18:24 Gold Mining
20:46 Hand Cart
23:34 Bloodlines
23:24 Husbandry
24:11 Husbandry
26:09 Heavy Plow
26:23 Bow Saw
26:06 Stone Mining
SAURON
9:29 Feudal Age
9:51 Double-Bit Axe
11:02 Loom
16:31 Castle Age
14:51 Stone Mining
kilfal
3:34 Loom
10:28 Feudal Age
10:59 Double-Bit Axe
15:24 Gold Mining
19:38 Castle Age
18:35 Fletching
19:44 Padded Archer Armor
23:27 Squires
Wyrdy
9:54 Feudal Age
8:33 Loom
10:29 Double-Bit Axe
12:33 Horse Collar
13:05 Fletching
18:44 Wheelbarrow
22:53 Castle Age
22:06 Padded Archer Armor
22:43 Gold Mining
22:45 Stone Mining
23:34 Bodkin Arrow
23:00 Crossbowman
23:47 Thumb Ring
mwbrom12
11:17 Feudal Age
10:44 Loom
15:29 Town Watch
16:22 Wheelbarrow
17:46 Forging
18:13 Scale Barding Armor
21:13 Double-Bit Axe
22:53 Gold Mining
27:24 Castle Age
tom8to
8:18 Loom
11:56 Feudal Age
16:30 Double-Bit Axe
16:29 Horse Collar
23:20 Castle Age
21:54 Gold Mining
21:57 Fletching
22:08 Padded Archer Armor
23:23 Elite Skirmisher
24:23 Bow Saw
24:56 Bodkin Arrow
24:53 Pikeman
Connection lost

Rejoining the realm…

Still unreachable

The connection could not be restored.

Session expired

The server has moved on; the page needs a fresh start.